 Dungeon Crawl Stone Soup version 0.16-a0-2839-gd16e107 (webtiles) character file.

4758 Johnny the Grave Robber (level 10, -7/78 HPs)
             Began as a Demigod Necromancer on Nov 29, 2014.
             Mangled by a yak (12 damage)
             ... on level 1 of the Lair of Beasts.
             The game lasted 00:30:06 (11305 turns).

Johnny the Grave Robber (Demigod Necromancer)      Turns: 11305, Time: 00:30:06

Health: -7/78      AC:  4    Str: 11    XL:     10   Next: 3%
Magic:  2/26       EV: 22    Int: 21    God:
Gold:   348        SH:  0    Dex: 20    Spells: 4 memorised, 9 levels left

rFire  . . .     SeeInvis .     f - +2 battleaxe
rCold  . . .     Clarity  +     p - +0 leather armour (curse)
rNeg   + . .     SustAb   +     (no shield)
rPois  .         Gourm    .     (no helmet)
rElec  .         Spirit   .     (no cloak)
rCorr  .         Warding  .     (no gloves)
rMut   .         Stasis   .     U - +0 pair of boots
MR     +....                    E - amulet of clarity
Stlth  ++++......               G - +3 ring of evasion (curse)
                                P - ring of Suspected Treachery {rN+ EV+3 Stlth++}

@: somewhat resistant to hostile enchantments, stealthy
A: sustain abilities
a: no special abilities


You were on level 1 of the Lair of Beasts.
You were not hungry.

You visited 2 branches of the dungeon, and saw 10 of its levels.
You also visited: Ossuary.

You collected 348 gold pieces.

Inventory:

Hand weapons
 d - a +0 hand axe
 f - a +2 battleaxe (weapon)
 k - a +3 spear
 n - a +0 short sword
 q - a +2 trident of venom
 r - a +0 dagger
 w - a +0 dagger of protection
 x - a +0 war axe
 y - a +0 halberd
Missiles
 h - 91 bolts
Armour
 p - a cursed +0 leather armour (worn)
 S - a +0 ring mail of poison resistance
 U - a +0 pair of boots (worn)
Jewellery
 i - a +2 ring of evasion
 u - an uncursed ring of protection from cold
 E - an amulet of clarity (around neck)
 G - a cursed +3 ring of evasion (right hand)
 J - an uncursed ring of sustain abilities {unknown}
 K - a +1 ring of dexterity {unknown}
 P - the ring of Suspected Treachery (left hand) {rN+ EV+3 Stlth++}
   (You found it in an ossuary)

   [ring of evasion]

   It affects your evasion (+3).
   It protects you from negative energy.
   It makes you much more stealthy.
Magical devices
 H - a wand of frost (4)
 M - a wand of digging (11)
 T - a wand of draining (2)
Scrolls
 j - 2 scrolls of enchant weapon
 o - a scroll of fear
 t - 5 scrolls of remove curse
 v - a scroll of blinking
 z - a scroll of immolation
 B - 3 scrolls of amnesia
 F - 2 scrolls of noise
 I - a scroll of recharging {unknown}
 L - a scroll of magic mapping
 O - 2 scrolls of fog {unknown}
 Q - a scroll of enchant armour {unknown}
Potions
 a - a potion of cancellation {unknown}
 e - 2 potions of heal wounds
 g - a potion of mutation {unknown}
 l - 2 potions of haste
 m - a potion of invisibility {unknown}
 s - 2 potions of agility {unknown}
 A - a potion of flight {unknown}
 C - a potion of brilliance {unknown}
 N - 2 potions of berserk rage {unknown}
 R - a potion of curing
Books
 b - a book of Necromancy

   Spells                             Type                      Level
   a - Pain                           Necromancy                   1
   b - Animate Skeleton               Necromancy                   1
   c - Vampiric Draining              Necromancy                   3
   d - Regeneration                   Charms/Necromancy            3
   e - Animate Dead                   Necromancy                   4
   f - Control Undead                 Necromancy                   4
 D - a book of Dreams

   Spells                             Type                      Level
   a - Ensorcelled Hibernation        Hexes/Ice                    2
   b - Flight                         Charms/Air                   3
   c - Phase Shift                    Translocation                5
   d - Shadow Creatures               Summoning                    5
   e - Mass Confusion                 Hexes                        6
   f - Darkness                       Hexes                        7
Comestibles
 c - 10 bread rations


   Skills:
 + Level 3.9 Fighting
 * Level 5.0 Axes
 + Level 3.4 Armour
 * Level 6.1 Dodging
 - Level 1.7 Stealth
 * Level 6.0 Spellcasting
 * Level 6.9 Necromancy
 * Level 5.0 Evocations


You had 9 spell levels left.
You knew the following spells:

 Your Spells              Type           Power        Failure   Level  Hunger
a - Pain                  Necr           ####         1%          1    None
b - Control Undead        Necr           #####.....   6%          4    ####...
c - Vampiric Draining     Necr           #####.....   1%          3    ##.....
e - Animate Dead          Necr           N/A          6%          4    ####...


Dungeon Overview and Level Annotations

Branches:
Dungeon (9/15)             Temple (0/1) D:6            Lair (1/8) D:8
    Orc: D:9-12


Innate Abilities, Weirdness & Mutations

Your attributes are resistant to harm.


Message History

You barely miss the yak.
The yak is severely wounded.
The yak gores you!
* * * LOW HITPOINT WARNING * * *
The yak misses you.
You hit the yak but do no damage.
The yak is severely wounded.
The yak barely misses you.
You barely miss the yak.
The yak is severely wounded.
The yak completely misses you. x2
You completely miss the yak.
The yak is severely wounded.
The yak gores you but does no damage.
You slash the yak!
The yak is almost dead.
The yak gores you!
* * * LOW HITPOINT WARNING * * *
The yak gores you!
You die...

###### **** #.##.##
****,,, #.....#
*,,,,,, ##....##
*,***,, #.....#
**,,**,, ##....#
*,,,***, #....@# **,**
*, ##...Y# *.* **,
#...†# #.# *,, #....##
#.##**, ##....P#####
###..###.
#.....##...###........
##.....#....#.........
#...........#........
#...........#.Y..#...


You could see a yak.

Vanquished Creatures
  A hippogriff (D:7)
  4 yaks (Lair:1)
  2 fire bats (Lair:1)
  2 water moccasins (Lair:1)
  3 ice beasts
  A yellow wasp (D:8)
  2 phantoms
  2 ogres
  2 orc warriors
  2 crocodiles
  A big kobold (D:7)
  Duvessa (D:8)
  9 giant frogs
  4 water moccasin zombies
  A scorpion (D:8)
  3 wights
  2 electric eels (D:6)
  Dowan (D:8)
  A centaur zombie (D:5)
  5 crimson imps
  2 hounds
  An orc priest (D:7)
  A jelly (D:8)
  2 orc wizards
  A centaur skeleton (D:4)
  An iguana (D:5)
  3 worker ants
  4 big kobold zombies (Ossuary)
  8 sheep (Lair:1)
  2 hound zombies
  2 hound skeletons (D:8)
  2 mummies (Ossuary)
  3 gnolls
  15 adders
  5 shadow imps
  3 giant mites
  2 worms
  2 adder zombies (Ossuary)
  3 giant geckos
  An ooze (D:5)
  18 orcs
  2 ball pythons
  9 bats
  2 giant cockroaches
  19 goblins
  8 hobgoblins
  2 quokkas
  9 giant newts
  A gnoll zombie (Ossuary)
  4 hobgoblin zombies (Ossuary)
  A jackal skeleton (D:5)
  19 kobolds
  4 kobold zombies (Ossuary)
  An orc zombie (Ossuary)
  10 rats
221 creatures vanquished.

Vanquished Creatures (collateral kills)
  A basilisk (D:8)
  A giant frog (D:4)
  A hound (D:4)
  A big kobold zombie (Ossuary)
  A hound skeleton (D:5)
  A shadow imp (D:4)
  An adder (D:4)
  3 adder zombies
  An adder skeleton (D:5)
  4 orcs (D:4)
  A bat (D:4)
  A gnoll zombie (Ossuary)
  2 goblins
  A hobgoblin (D:4)
  A kobold zombie (Ossuary)
  A quokka (D:4)
  2 plants (D:6)
24 creatures vanquished.

Vanquished Creatures (others)
  3 giant frog zombies (D:8)
  A hound zombie (D:7)
  2 worker ant zombies
  A scorpion zombie (D:8)
  An adder zombie (D:4)
  A bat zombie (D:4)
  A giant cockroach zombie (D:6)
  A giant spore (D:8)
  3 kobold zombies
  2 orc zombies
16 creatures vanquished.

Grand Total: 261 creatures vanquished

Notes
Turn   | Place    | Note
--------------------------------------------------------------
     0 | D:1      | Johnny, the Demigod Necromancer, began the quest for the Orb.
     0 | D:1      | Reached XP level 1. HP: 14/14 MP: 3/3
   430 | D:1      | Reached XP level 2. HP: 17/20 MP: 2/5
  1133 | D:2      | Reached skill level 4 in Necromancy
  1133 | D:2      | Reached XP level 3. HP: 13/26 MP: 0/8
  1138 | D:2      | Learned a level 3 spell: Vampiric Draining
  1574 | D:2      | Found a shimmering altar of Xom.
  2138 | D:3      | Reached XP level 4. HP: 25/33 MP: 0/11
  2260 | D:3      | Learned a level 4 spell: Animate Dead
  3322 | D:3      | Reached skill level 1 in Armour
  3553 | D:4      | Reached XP level 5. HP: 36/39 MP: 4/13
  3572 | D:4      | Reached skill level 1 in Fighting
  4396 | D:4      | Found a sparkling altar of Nemelex Xobeh.
  4409 | D:4      | Reached XP level 6. HP: 39/47 MP: 17/17
  4654 | D:5      | Entered Level 5 of the Dungeon
  5117 | D:5      | Reached skill level 1 in Axes
  5117 | D:5      | Reached skill level 5 in Necromancy
  5174 | D:5      | Reached XP level 7. HP: 53/53 MP: 14/19
  5475 | D:5      | Found a bloodstained altar of Trog.
  5675 | D:6      | Found a radiant altar of Vehumet.
  5731 | D:6      | Found a glowing silver altar of Zin.
  5869 | D:6      | Reached skill level 1 in Evocations
  6807 | D:6      | Found a staircase to the Ecumenical Temple.
  7128 | D:6      | Reached XP level 8. HP: 53/62 MP: 11/21
  7345 | D:7      | Found a sand-covered staircase.
  7350 | Ossuary  | Entered an ossuary
  7366 | Ossuary  | Learned a level 4 spell: Control Undead
  7996 | Ossuary  | Got a scorched lapis lazuli ring
  7999 | Ossuary  | Identified the ring of Suspected Treachery {rN+ EV+3 Stlth++} (You found it in an ossuary)
  8095 | D:7      | Found a basalt altar of Yredelemnul.
  8097 | D:7      | Found a bloodstained altar of Trog.
  8354 | D:7      | Reached skill level 6 in Necromancy
  8515 | D:7      | Found a radiant altar of Vehumet.
  8523 | D:7      | Reached skill level 5 in Dodging
  8546 | D:7      | Found a white marble altar of Elyvilon.
  8547 | D:7      | Found a sparkling altar of Nemelex Xobeh.
  9150 | D:8      | Found a staircase to the Lair.
  9159 | D:8      | Reached skill level 5 in Spellcasting
  9165 | D:8      | Reached XP level 9. HP: 41/70 MP: 10/24
  9769 | D:8      | Noticed Dowan
  9770 | D:8      | Noticed Duvessa
  9779 | D:8      | Killed Dowan
  9793 | D:9      | Noticed a hill giant
  9810 | D:8      | Killed Duvessa
 10788 | Lair:1   | Entered Level 1 of the Lair of Beasts
 11000 | Lair:1   | Found a dark tunnel.
 11289 | Lair:1   | Reached skill level 5 in Axes
 11289 | Lair:1   | Reached XP level 10. HP: 39/78 MP: 3/26
 11292 | Lair:1   | Reached skill level 5 in Evocations
 11305 | Lair:1   | Mangled by a yak

Action                   |  1- 3 |  4- 6 |  7- 9 | 10-12 || total
-------------------------+-------+-------+-------+-------++-------
Melee: Unarmed           |     3 |       |       |       ||     3
       Short sword       |     1 |       |       |       ||     1
       Dagger            |    52 |   204 |       |       ||   256
       War axe           |       |    41 |   535 |       ||   576
       Halberd           |       |     6 |       |       ||     6
       Battleaxe         |       |       |    22 |    13 ||    35
 Cast: Pain              |    57 |    69 |    17 |       ||   143
       Vampiric Draining |     4 |    18 |    79 |     2 ||   103
       Animate Dead      |       |     7 |    18 |       ||    25
       Control Undead    |       |       |     6 |       ||     6
Evoke: Wand              |       |       |    11 |     2 ||    13
  Use: Potion            |       |     1 |     5 |       ||     6
       Scroll            |       |     1 |    15 |       ||    16
 Stab: Sleeping          |       |       |    10 |       ||    10
       Distracted        |       |       |     1 |       ||     1
  Eat: Chunk             |     4 |    11 |     4 |       ||    19
       Fruit             |       |     1 |     3 |       ||     4
       Pizza             |       |     1 |       |       ||     1
       Meat ration       |       |       |     4 |       ||     4
       Beef jerky        |       |       |     2 |       ||     2
